 Dungeon Crawl Stone Soup version 0.27-a0-1123-g2f9bb313c0 (webtiles) character file.

Game seed: 17781623789019052294

46 tsouns the Skirmisher (level 3, -1/28 HPs)
             Began as a Demonspawn Wanderer on May 3, 2021.
             Was a Follower of Okawaru.
             Slain by an iguana (8 damage)
             ... on level 2 of the Dungeon.
             The game lasted 00:02:22 (1429 turns).

tsouns the Skirmisher (Demonspawn Wanderer)         Turns: 1429, Time: 00:02:23

Health: -1/28      AC:  5    Str:  9    XL:     3   Next: 44%
Magic:  3/3        EV: 14    Int: 15    God:    Okawaru [*.....]
Gold:   97         SH:  4    Dex: 14    Spells: 2/2 levels left

rFire    . . .     SeeInvis .   h - +0 trident
rCold    . . .     Faith    .   l - +0 buckler
rNeg     . . .     Spirit   .   d - +0 robe
rPois    .         Reflect  .   g - +2 helmet
rElec    .         Harm     .   (no cloak)
rCorr    .         Rampage  .   (no gloves)
Will     .....                  (no boots)
Stlth    ++........             (no amulet)
HPRegen  0.09/turn              i - +4 ring of evasion
MPRegen  0.08/turn              (no ring)

@: no status effects
A: powered by pain 1
a: Renounce Religion, Heroism


You were on level 2 of the Dungeon.
You worshipped Okawaru.
Okawaru was aware of your devotion.
You visited 1 branch of the dungeon, and saw 2 of its levels.

You collected 97 gold pieces.

Inventory:

Hand Weapons
 a - a +2 spear
 e - a +0 dagger
 h - a +0 trident (weapon)
Armour
 d - a +0 robe (worn)
 g - a +2 helmet (worn)
 l - a +0 buckler (worn)
Jewellery
 i - a +4 ring of evasion (left hand)
Scrolls
 c - 3 scrolls of teleportation
 f - 4 scrolls of torment
Potions
 b - a potion of lignification
 j - 3 potions of curing


   Skills:
 + Level 2.8 Fighting
 * Level 2.2 Polearms
 - Level 2.6 Stealth
 - Level 1.0 Shields
 - Level 2.6 Air Magic
 + Level 1.1 Invocations


You had 2 spell levels left.
You didn't know any spells.
Your spell library was empty.

Dungeon Overview and Level Annotations

Branches:
Dungeon (2/15)

Altars:
Okawaru

Annotations:
D:2 Sigmund


Innate Abilities, Weirdness & Mutations

You sometimes gain a little power by taking damage.


Message History

The iguana is moderately wounded.
The hobgoblin hits you but does no damage.
The iguana completely misses you.
You hit the iguana.
The iguana is heavily wounded.
You block the hobgoblin's attack. The iguana closely misses you.
You hit the iguana.
The iguana is heavily wounded.
The hobgoblin closely misses you. You block the iguana's attack.
You barely miss the iguana.
The iguana is heavily wounded.
The hobgoblin closely misses you.
The iguana bites you but does no damage.
You hit the iguana.
The iguana is severely wounded.
You block the hobgoblin's attack. The iguana closely misses you.
The hobgoblin hits you. The iguana misses you.
You hit the iguana but do no damage.
The iguana is heavily wounded.
You block the hobgoblin's attack. The iguana bites you!
You are too injured to fight recklessly!
You are too injured to fight recklessly!
You are too injured to fight recklessly!
You hit the hobgoblin but do no damage. The hobgoblin closely misses you.
The iguana bites you.
* * * LOW HITPOINT WARNING * * *
You barely miss the hobgoblin.
The hobgoblin hits you but does no damage.
The iguana misses you.
You hit the hobgoblin.
You kill the hobgoblin!
Okawaru accepts your kill. The iguana barely misses you.
You puncture the centaur skeleton!
The centaur skeleton is moderately damaged.
You block the iguana's attack.
You block the centaur skeleton's attack.
The centaur skeleton kicks you but does no damage.
The iguana bites you!
You die...

##.## ##...############
#................
##...############ ##<## #.# ## #
#.# #. #. #######.# #. #..
######SBl@<#.# ###### #. #...
...##.###Z#.# ##....####.
##....###.#........###......##..
.....Sg..S...#....†##...........
....................#......†.###
.>.Z..............###........#
##....###.#.##.##.# #..[.....#
#.... ...#.##.##.# ##......##
#...######.......# ##....##


You could see an iguana, an adder, a giant cockroach and a centaur skeleton.

Vanquished Creatures
  An adder (D:2)
  An endoplasm (D:1)
  10 giant cockroaches
  2 goblins (D:1)
  3 hobgoblins
  2 kobolds (D:1)
  2 quokkas (D:1)
  4 ball pythons
  5 bats
  2 rats (D:1)
32 creatures vanquished.

Notes
Turn   | Place    | Note
-------+----------+-------------------------------------------
     0 | D:1      | tsouns the Demonspawn Wanderer began the quest for the Orb.
     0 | D:1      | tsouns set off with the following items: a +2 spear, a
                  | potion of lignification, a scroll of teleportation, a +0
                  | robe, a +0 dagger
     0 | D:1      | Reached XP level 1. HP: 16/16 MP: 1/1
   394 | D:1      | Gained mutation: You sometimes gain a little power by
                  | taking damage. [demonic ancestry]
   394 | D:1      | Reached XP level 2. HP: 19/23 MP: 2/2
   594 | D:1      | Found a faded altar of an unknown god.
   617 | D:1      | Became a worshipper of Warmaster Okawaru
   617 | D:1      | Reached * piety under Okawaru
  1002 | D:2      | Reached XP level 3. HP: 21/28 MP: 3/3
  1080 | D:2      | Noticed Sigmund
  1126 | D:2      | Reached skill level 1 in Invocations
  1429 | D:2      | Slain by an iguana

Illustrated notes

Levels and vault maps discovered:
D:1:      tarquinn_simple_flora_water_b, layout_loops_ring,
          ebering_ecumenical_altar_webs, grunt_decor_resistance,
          minmay_nonomino_d4
D:2:      minmay_roachtagon, layout_loops_cross, kennysheep_generic_room_14,
          uniq_sigmund

Skill      XL: |  1  2  3 |
---------------+----------+-----
Polearms       | 2 |  2.2
Invocations    | 1 |  1.1
Fighting       | |  2.8
Stealth        | |  2.6
Shields        | |  1.0
Air Magic      | |  2.6

Action                   || total
-------------------------++-------
Melee: Spear             ||    25
       Trident           ||    94
  Use: Scroll            ||     4
 Stab: Sleeping          ||     8
Armor: Robe              ||    24
Dodge: Dodged            ||    81
Block: Buckler           ||    19

Table legend: (Time is in decaauts)
 A = Elapsed time spent in this place.
 B = Non-inter-level travel time spent in this place.
 C = Inter-level travel time spent in this place.
 D = Time resting spent in this place.
 E = Time spent auto-exploring this place.
 F = Levels seen in this place.
 G = Mean time per level.
                   A        B        C        D        E       F      G
               +--------+--------+--------+--------+--------+-----+--------+
         Total |   1452 |   1405 |     47 |      0 |   1035 |   2 |  726.0 |
       Dungeon |   1452 |   1405 |     47 |      0 |   1035 |   2 |  726.0 |
               +--------+--------+--------+--------+--------+-----+--------+

Top non-repeatable levels by time:
     D:1: 946 daAuts
     D:2: 505 daAuts
